 Dungeon Crawl Stone Soup version 0.27.1-34-g3ba077fa99 (console) character file.

Game seed: 13796690167979078091

3032 Banquo the Cleaver (level 10, -10/75 HPs)
             Began as a Formicid Fighter on Jan 28, 2022.
             Was an Elder of Jiyva.
             Mangled by a black mamba (14 damage)
             ... on level 1 of the Lair of Beasts.
             The game lasted 00:27:28 (9826 turns).

Banquo the Cleaver (Formicid Fighter)               Turns: 9826, Time: 00:27:28

Health: -10/75     AC: 13    Str: 22    XL:     10   Next: 10%
Magic:  10/10      EV:  6    Int: 10    God:    Jiyva [****..]
Gold:   183        SH: 10    Dex: 10    Spells: 9/9 levels left

rFire    + . .     SeeInvis +   a - +4 battleaxe
rCold    . . .     Faith    .   c - +0 kite shield
rNeg     . . .     Spirit   .   w - +0 plate armour
rPois    .         Reflect  .   (helmet unavailable)
rElec    .         Harm     .   (no cloak)
rCorr    +         Rampage  .   (no gloves)
Will     +....                  (no boots)
Stlth    ..........             (no amulet)
HPRegen  0.22/turn              (no ring)
MPRegen  0.12/turn              (no ring)

@: lethally poisoned (-10 -> -18)
A: permanent stasis, dig shafts and tunnels, antennae 3, four strong arms,
hooves 1, fire resistance 1
a: Dig, Shaft Self, Renounce Religion, Request Jelly, Slimify


You were on level 1 of the Lair of Beasts.
You worshipped Jiyva.
Jiyva was greatly pleased with you.
You visited 2 branches of the dungeon, and saw 9 of its levels.
You also visited: Bailey.

You collected 183 gold pieces.

Inventory:

Hand Weapons
 a - a +4 battleaxe (weapon)
 b - a +0 trident
 d - a +2 hand axe of venom
 e - a +4 dagger
 f - a +2 short sword of flaming
 h - a +0 dagger of electrocution
 n - a +0 scythe
 o - a +4 scimitar
 p - a +0 war axe
 t - a +0 halberd
 v - a +0 glaive
Missiles
 j - 11 boomerangs
 k - 94 stones
Armour
 c - a +0 kite shield (worn)
 w - a +0 plate armour (worn)
Wands
 g - a wand of iceblast (5)
 m - a wand of polymorph (9)
Scrolls
 i - 2 scrolls of amnesia
 x - a scroll of fog
 y - a scroll of identify
Potions
 q - a potion of flight
 r - a potion of heal wounds


   Skills:
 + Level 5.6 Fighting
 * Level 10.0 Axes
 + Level 6.7 Armour
 + Level 2.6 Dodging
 + Level 1.6 Stealth
 + Level 6.9 Shields


You had 9 spell levels left.
You didn't know any spells.
Your spell library contained the following spells:

 Spells                   Type           Power      Damage    Failure   Level
 Summon Small Mammal      Summ           0%         N/A       100%        1
 Gell's Gravitas          Tloc           0%         N/A       100%        3
 Portal Projectile        Hex/Tloc       0%         N/A       100%        3
 Teleport Other           Tloc           0%         N/A       100%        3
 Animate Armour           Summ/Erth      0%         N/A       100%        4
 Dispersal                Tloc           0%         N/A       100%        6
 Malign Gateway           Summ/Tloc      0%         N/A       100%        7


Dungeon Overview and Level Annotations

Branches:
Dungeon (8/15)             Temple (0/1) D:5            Lair (1/6) D:8
 Bailey (visited)

Altars:
Ashenzari
Dithmenos
Qazlal
The Shining One
Jiyva

Shops:
D:3 !


Innate Abilities, Weirdness & Mutations

You cannot be hasted, slowed, berserked, paralysed or teleported.
You can dig through walls and to a lower floor.
You have a pair of large antennae on your head. (SInv)
Your four strong arms can wield two-handed weapons with a shield.
You have large cloven feet.
Your flesh is heat resistant. (rF+)


Message History

The komodo dragon is severely wounded.
The komodo dragon completely misses you.
The komodo dragon barely misses you.
You slash the komodo dragon!
You kill the komodo dragon!
Your Axes skill increases to level 10!
There is a staircase back to the Dungeon, spattered with blood here.
You start resting.
The black mamba hisses angrily.
The black mamba bites the fungus!
The fungus begins to die.
The black mamba bites the fungus!
The black mamba bites the fungus! x2; The fungus looks as sick as possible!
The black mamba poisons the fungus!
You hear a series of splatters.
The black mamba bites the fungus!!
The black mamba bites the fungus!
The black mamba bites the fungus.
A nearby fungus withers and dies.
You block the black mamba's attack. The black mamba bites you!
You are poisoned.
The black mamba poisons you!
You closely miss the black mamba. You kick the black mamba.
The black mamba is lightly wounded.
You feel very sick.
The black mamba bites you but does no damage.
You hear a distant slurping noise.
You block the black mamba's attack.
You hear a distant slurping noise.
You hit the black mamba.
The black mamba is lightly wounded.
You feel very sick. The black mamba bites you!
* * * LOW HITPOINT WARNING * * *
You block the black mamba's attack.
Unknown command.
You fail to use your ability.
* * * LOW HITPOINT WARNING * * *
You feel sick.
The black mamba bites you but does no damage.
The black mamba bites you!
You die...

... .... ...
... #+.####
##.....#
#P..#.+#####
#..S.....J..
##.@........
#..........
#..........
#..........
#....>.....
#..........
#....J.....
#.........


You could see a black mamba, the neutral Gastronok the azure jelly (wandering)
(fellow slime) and a neutral jelly (wandering) (fellow slime).

Vanquished Creatures
  A komodo dragon (Lair:1)
  A wyvern (D:8)
  Menkaure (D:3)
  A water moccasin (D:5)
  3 orc warriors
  A sky beast (D:7)
  An ice beast (D:6)
  4 black bears
  2 ogres
  3 centaurs (D:8)
  A necrophage (D:5)
  Blork the orc (D:4)
  A kobold brigand (D:4)
  A gnoll sergeant (D:7)
  A wyvern zombie (D:4)
  A wyvern skeleton (D:6)
  A scorpion (D:5)
  3 howler monkeys (D:7)
  2 wights (D:6)
  A centaur zombie (D:7)
  4 hounds (D:5)
  A bullfrog zombie (D:5)
  3 centaur skeletons
  2 iguanas
  3 orc wizards
  Robin (D:3)
  4 gnolls
  5 adders
  A white imp (D:5)
  An ufetubus (D:6)
  3 dart slugs
  22 orcs
  3 bats (D:1)
  3 endoplasms (D:1)
  3 giant cockroaches
  17 goblins
  8 hobgoblins
  8 jackals
  11 kobolds
  2 quokkas (D:1)
  6 ball pythons
  2 frilled lizards (D:1)
  3 rats
147 creatures vanquished.

Vanquished Creatures (collateral kills)
  A hound (D:5)
1 creature vanquished.

Vanquished Creatures (others)
  Sigmund (D:6)
  An orc warrior (Bailey)
  A sky beast (D:6)
  3 centaurs
  A scorpion (D:6)
  A wight (D:6)
  4 howler monkeys (D:8)
  A hound (D:5)
  3 orc priests
  7 jellies
  An orc wizard (D:4)
  A killer bee zombie (D:8)
  3 adders
  8 orcs
  A ball python (D:3)
  A bat (D:3)
  2 kobolds
  3 goblins
  A rat (D:2)
  4 fungi
  5 plants (D:8)
53 creatures vanquished.

Grand Total: 201 creatures vanquished

Notes
Turn   | Place    | Note
-------+----------+-------------------------------------------
     0 | D:1      | Banquo the Formicid Fighter began the quest for the Orb.
     0 | D:1      | Reached XP level 1. HP: 18/18 MP: 1/1
   188 | D:1      | Reached XP level 2. HP: 24/24 MP: 2/2
   371 | D:1      | Reached XP level 3. HP: 28/29 MP: 3/3
   529 | D:1      | Reached skill level 3 in Axes
  1012 | D:1      | Found a faded altar of an unknown god.
  1020 | D:1      | Became a worshipper of Jiyva Jurass the Shapeless
  1020 | D:1      | Reached * piety under Jiyva
  1177 | D:1      | Reached XP level 4. HP: 35/35 MP: 4/4
  1937 | D:3      | Reached ** piety under Jiyva
  2817 | D:3      | Found Redes's Distillery.
  2957 | D:4      | Noticed Robin
  3005 | D:4      | Noticed Menkaure
  3012 | D:3      | Killed Menkaure
  3013 | D:3      | Reached skill level 4 in Axes
  3013 | D:3      | Reached XP level 5. HP: 19/41 MP: 5/5
  3013 | D:3      | Reached XP level 6. HP: 22/47 MP: 6/6
  3200 | D:3      | Killed Robin
  3366 | D:4      | Reached skill level 1 in Stealth
  3777 | D:4      | Reached skill level 5 in Axes
  3777 | D:4      | Reached skill level 1 in Dodging
  3777 | D:4      | Reached XP level 7. HP: 13/54 MP: 7/7
  4088 | D:4      | Noticed Blork the orc
  4103 | D:4      | Killed Blork the orc
  4561 | D:5      | Entered Level 5 of the Dungeon
  4622 | D:5      | Noticed a water moccasin
  4631 | D:5      | Killed a water moccasin
  4662 | D:5      | Found a stormy altar of Qazlal.
  4671 | D:5      | Reached skill level 5 in Shields
  4727 | D:5      | Found a staircase to the Ecumenical Temple.
  4895 | D:5      | Reached skill level 6 in Axes
  4895 | D:5      | Reached XP level 8. HP: 55/61 MP: 8/8
  4904 | D:5      | Reached skill level 5 in Armour
  5047 | D:5      | Found a shadowy altar of Dithmenos.
  5450 | D:5      | Reached skill level 7 in Axes
  5699 | D:6      | Reached skill level 5 in Fighting
  5699 | D:6      | Reached XP level 9. HP: 33/68 MP: 9/9
  5928 | D:6      | Killed Sigmund
  6027 | D:6      | Noticed a fire bat
  6054 | D:6      | Reached *** piety under Jiyva
  6370 | D:6      | Got the Compendium of Malediction and Companions
  6756 | D:7      | Found a flagged portal.
  6800 | Bailey   | Entered a bailey
  6891 | Bailey   | Reached skill level 8 in Axes
  6974 | Bailey   | Reached **** piety under Jiyva
  7126 | Bailey   | Noticed an orc knight
  8223 | D:7      | Gained mutation: Your flesh is heat resistant. (rF+)
                  | [Jiyva's grace]
  8907 | D:8      | Reached skill level 9 in Axes
  9281 | D:8      | Gained mutation: You have large cloven feet. [Jiyva's
                  | grace]
  9282 | D:8      | Reached XP level 10. HP: 47/74 MP: 10/10
  9471 | D:8      | Found a broken altar of Ashenzari.
  9515 | D:8      | Found a glowing golden altar of the Shining One.
  9641 | D:8      | Found a staircase to the Lair.
  9791 | Lair:1   | Entered Level 1 of the Lair of Beasts
  9791 | Lair:1   | Noticed Gastronok
  9791 | Lair:1   | Noticed a komodo dragon
  9794 | Lair:1   | Slimified Gastronok
  9794 | Lair:1   | Noticed Gastronok
  9794 | Lair:1   | Gastronok changed into Gastronok the azure jelly
  9802 | Lair:1   | Killed a komodo dragon
  9803 | Lair:1   | Reached skill level 10 in Axes
  9815 | Lair:1   | Noticed a black mamba
  9826 | Lair:1   | Mangled by a black mamba

Illustrated notes

Levels and vault maps discovered:
D:1:      zelgadis_glass_arrival_small, layout_loops_ring,
          hellmonk_ecumenical_altar_prayer_group,
          hangedman_abyss_or_decor_lesser_grid, corexii_hall_statues_i,
          hangedman_decor_lopped, minmay_hexomino_u4
D:2:      layout_loops_cross, corexii_leaking_fountain,
          corexii_item_surrounded_by_moat
D:3:      layout_loops_corners, serial_shops, shop_fountains,
          supply_closet_lemuel
D:4:      cheibrodos_thug_alley, layout_gridville, uniq_blork_the_orc,
          uniq_menkaure, uniq_robin
D:5:      minmay_inner_zag, layout_rooms, nicolae_qazlal_scattered_showers,
          marbit_many_paths, minmay_temple_entry_tees
D:6:      layout_basic, uniq_sigmund
D:7:      layout_loops_corners, enter_bailey_3
D:8:      layout_cave_pools, mainiacjoe_overflow_small_starburst,
          mainiacjoe_overflow_tiny_flanked, dpeg_oklobed_lair
Lair:1:   layout_roguey, uniq_gastronok

Skill      XL: |  1  2  3  4  5  6  7  8  9 10 |
---------------+-------------------------------+-----
Axes           | 3 4 5 6 7 9 10 | 10.0
Shields        | 4 5 6 |  6.9
Armour         | 4 5 6 |  6.7
Stealth        | 1 |  1.6
Fighting       | 4 5 |  5.6
Dodging        | 1 2 |  2.6

Action                   |  1- 3 |  4- 6 |  7- 9 | 10-12 || total
-------------------------+-------+-------+-------+-------++-------
Melee: War axe           |   105 |   116 |   167 |       ||   388
       Battleaxe         |       |       |   148 |    10 ||   158
       Trident           |       |       |     1 |       ||     1
       Kick              |       |       |       |     3 ||     3
Invok: Slimify           |       |       |       |     1 ||     1
 Abil: Dig               |       |       |     1 |       ||     1
  Use: Scroll            |       |     5 |     6 |       ||    11
       Potion            |       |       |     2 |       ||     2
Armor: Scale mail        |    49 |    58 |    68 |       ||   175
       Chain mail        |       |       |   103 |       ||   103
       Plate armour      |       |       |       |     3 ||     3
Dodge: Dodged            |    42 |    45 |   144 |     2 ||   233
Block: Kite shield       |    66 |    69 |   224 |     6 ||   365
